[Event "Early-Titled-Tuesday-Blitz-August-29-2023"]
[Site "Chess.com"]
[Date "2023.08.29"]
[Round "5"]
[White "FREDERICKtheMATE"]
[Black "rezamahdavi2008"]
[Result "0-1"]
[WhiteElo "2467"]
[BlackElo "2756"]
[TimeControl "180+1"]
[EndTime "8:52:02 PDT"]
[Termination "rezamahdavi2008 won by resignation"]

1. Nf3 Nf6 2. g3 g6 3. Bg2 Bg7 4. O-O O-O 5. d4 d6 6. c4 Nbd7 7. Nc3 e5 8. b4 exd4 9. Nxd4 a5 10. b5 Nc5 11. Ba3 Nfd7 12. Rc1 Ne5 13. Nd5 h5 14.
Bxc5 dxc5 15. Nb3 Qd6 16. f4 Ng4 17. h3 a4 18. hxg4 axb3 19. Qxb3 Bxg4 20. e3 Rfe8 21.
a4 c6 22. Nb6 Rxe3 23. Qxe3 Bd4 24. Qxd4 Qxd4+ 25. Kh2 Re8 26. bxc6 bxc6 27. a5 Re2 28. Rce1 Ra2 29. Re8+ Kg7 30. Nc8 Bf3 31. Rxf3 Qd2 0-1

[Event "Early-Titled-Tuesday-Blitz-August-29-2023"]
[Site "Chess.com"]
[Date "2023.08.29"]
[Round "5"]
[White "attack2mateU"]
[Black "kasun_bole"]
[Result "1-0"]
[WhiteElo "2740"]
[BlackElo "2340"]
[TimeControl "180+1"]
[EndTime "8:52:11 PDT"]
[Termination "attack2mateU won by resignation"]

1. e4 c5 2. Nf3 Nc6 3. Bb5 g6 4. O-O Bg7 5. Re1 Nh6 6. c3 O-O 7. d4 cxd4 8. cxd4 d5 9. exd5 Qxd5 10. Nc3 Qd8 11. d5 Nb8 12. Bg5 f6 13. Bf4 a5 14.
Qb3 Nf7 15. Nd4 Na6 16. Rad1 g5 17. Bg3 h5 18. Ne6 Qb6 19. Na4 Qa7 20. Nxf8 Bxf8 21. d6 exd6 22. Be8 b5 23. Nb6 Nc5 24. Qxf7+ 1-0

[Event "Early-Titled-Tuesday-Blitz-August-29-2023"]
[Site "Chess.com"]
[Date "2023.08.29"]
[Round "5"]
[White "chess94cu"]
[Black "BillieKimbah"]
[Result "0-1"]
[WhiteElo "2705"]
[BlackElo "3031"]
[TimeControl "180+1"]
[EndTime "8:52:25 PDT"]
[Termination "BillieKimbah won by resignation"]

1. d4 Nf6 2. c4 e6 3. Nf3 d5 4. Nc3 Nbd7 5. cxd5 exd5 6. Bg5 c6 7. e3 h6 8. Bh4 g5 9. Bg3 Nh5 10. Bd3 Nxg3 11. hxg3 Bg7 12. Qc2 Qe7 13. Rb1 Nb6 14. Bf5 g4 15. Nd2 Bxd4 16. Ne2 Be5 17. Bxc8 Nxc8 18. b4 Nd6 19. a4 a6 20. Kf1 h5 21.
Qd3 h4 22. Nb3 O-O-O 23. gxh4 Rxh4 24. Rxh4 Qxh4 25. Nbd4 Ne4 26. g3 Qh2 0-1

[Event "Early-Titled-Tuesday-Blitz-August-29-2023"]
[Site "Chess.com"]
[Date "2023.08.29"]
[Round "5"]
[White "InitiatingASC"]
[Black "Speshka"]
[Result "0-1"]
[WhiteElo "2341"]
[BlackElo "2560"]
[TimeControl "180+1"]
[EndTime "8:52:28 PDT"]
[Termination "Speshka won by resignation"]

1. e4 Nf6 2. e5 Nd5 3. c4 Nb6 4. d4 d6 5. Nf3 g6 6. Nc3 Bg7 7.
exd6 cxd6 8. Be2 O-O 9. h4 Bg4 10. Be3 Nc6 11. Qd2 Bxf3 12. gxf3 e5 13. d5 Ne7 14. h5 Nf5 15. hxg6 hxg6 16. Ne4 Nxe3 17. Qxe3 f5 18. Qg5 fxe4 19. Qxg6 Qf6 20. Qxe4 Qf5 21.
Qh4 Rac8 22. Kd2 Qf4+ 23. Qxf4 Rxf4 24. b3 e4 25. Rag1 exf3 26. Bd3 Nd7 27. Rh7 Rf7 28. Bf5 Rd8 29. Be6 Kxh7 30. Bxf7 Ne5 31. Rh1+ Bh6+ 0-1

[Event "Early-Titled-Tuesday-Blitz-August-29-2023"]
[Site "Chess.com"]
[Date "2023.08.29"]
[Round "5"]
[White "SpongeBob_03"]
[Black "BatboldNyamsuren0919"]
[Result "1-0"]
[WhiteElo "2177"]
[BlackElo "2413"]
[TimeControl "180+1"]
[EndTime "8:52:34 PDT"]
[Termination "SpongeBob_03 won by resignation"]

1. e4 c5 2. Nf3 Nf6 3. d4 cxd4 4. Qxd4 Nc6 5. Qd3 d6 6. Nc3 g6 7. Be2 Bg7 8. O-O O-O 9. h3 Nd7 10. Be3 Nde5 11. Nxe5 Nxe5 12. Qd2 Be6 13. Nd5 Bxd5 14. Qxd5 Nc6 15. c3 Qa5 16. Rad1 Qxd5 17. Rxd5 Rfc8 18. Rfd1 Ne5 19. f4 Nc4 20. Bxc4 Rxc4 21. e5 dxe5 22. Rd8+ Rxd8 23. Rxd8+ Bf8 24. fxe5 Kg7 25. Bxa7 Ra4 26. Bd4 Rxa2 27. b4 e6 28. Rb8 Be7 29. Rxb7 Bh4 30. Rd7 Bg3 31. Kf1 Rd2 32. b5 Rb2 33. b6 h5 34. c4 g5 35. Bxb2 1-0

[Event "Early-Titled-Tuesday-Blitz-August-29-2023"]
[Site "Chess.com"]
[Date "2023.08.29"]
[Round "5"]
[White "vladgoncharov"]
[Black "ValentunHulka"]
[Result "0-1"]
[WhiteElo "2566"]
[BlackElo "2756"]
[TimeControl "180+1"]
[EndTime "8:52:36 PDT"]
[Termination "ValentunHulka won by resignation"]

1. d4 Nf6 2. c4 e6 3. Nf3 d5 4. Nc3 c5 5. cxd5 cxd4 6. Qa4+ Bd7 7. Qxd4 exd5 8. Bg5 Nc6 9. Qd1 Be6 10. e3 Be7 11. Bb5 O-O 12. O-O h6 13. Bh4 Qb6 14. Rc1 Rac8 15. b3 Rfd8 16. Bxc6 bxc6 17. Na4 Qb4 18.
Nd4 Bd7 19. Qf3 g5 20. Qg3 Ne4 21. Qf3 gxh4 22. Qh5 Qd6 23. f3 Ng5 24. f4 Ne4 25. f5 Bg5 26. Rf3 Nf6 0-1

[Event "Early-Titled-Tuesday-Blitz-August-29-2023"]
[Site "Chess.com"]
[Date "2023.08.29"]
[Round "5"]
[White "Bilan_Danila"]
[Black "AlejandroArias"]
[Result "0-1"]
[WhiteElo "2510"]
[BlackElo "2335"]
[TimeControl "180+1"]
[EndTime "8:52:37 PDT"]
[Termination "AlejandroArias won by resignation"]

1. d4 d5 2. Nf3 e6 3. c4 c5 4. cxd5 exd5 5. Nc3 Nc6 6. g3 Nf6 7. Bg2 Be7 8. O-O O-O 9. dxc5 Bxc5 10. Bg5 d4 11.
Na4 Be7 12. Rc1 Bg4 13. Nc5 Bxc5 14. Rxc5 h6 15. Bxf6 Qxf6 16. Qb3 Qe7 17. Re1 Qxc5 0-1

[Event "Early-Titled-Tuesday-Blitz-August-29-2023"]
[Site "Chess.com"]
[Date "2023.08.29"]
[Round "5"]
[White "MaevskiyNikolay"]
[Black "schack_vit"]
[Result "1-0"]
[WhiteElo "2672"]
[BlackElo "2459"]
[TimeControl "180+1"]
[EndTime "8:52:40 PDT"]
[Termination "MaevskiyNikolay won by resignation"]

1. d4 d5 2. c4 c6 3. Nf3 Nf6 4.
e3 e6 5. b3 Nbd7 6. Bb2 Bd6 7.
Nbd2 O-O 8. Ne5 Qc7 9. f4 b6 10.
Bd3 Bb7 11. O-O c5 12. Rc1 Rac8 13. cxd5 exd5 14. Qe2 Rfe8 15. Qf2 Qd8 16. Qg3 Ne4 17. Nxe4 dxe4 18. Bc4 Bxe5 19. fxe5 Re7 20. Rxf7 Rxf7 21. e6 cxd4 22. exf7+ Kh8 23. Bxd4 Nf6 24. Rf1 1-0

[Event "Early-Titled-Tuesday-Blitz-August-29-2023"]
[Site "Chess.com"]
[Date "2023.08.29"]
[Round "5"]
[White "miraitrunks"]
[Black "KVAIDAN"]
[Result "0-1"]
[WhiteElo "1981"]
[BlackElo "2380"]
[TimeControl "180+1"]
[EndTime "8:52:41 PDT"]
[Termination "KVAIDAN won by resignation"]

1. e4 e5 2. Nf3 d5 3. Nxe5 Bd6 4.
d4 dxe4 5. Nc4 Nf6 6. Nxd6+ Qxd6 7. Be3 Nc6 8. Be2 Bf5 9. Nc3 O-O-O 10. Qd2 Nxd4 11.
O-O-O c5 12. Bf4 Qe6 13. Qe3 Nd5 14. Nxd5 Qxd5 15. c3 Nxe2+ 16. Qxe2 Qxa2 17. Qb5 Qa1+ 18. Kc2 e3+ 19. Kb3 Be6+ 20. c4 Rxd1 21. Qxc5+ Kd7 22. Qc7+ Ke8 23. Bd6 Bxc4+ 24. Kxc4 Qc1+ 25. Kb3 Qxc7 0-1

[Event "Early-Titled-Tuesday-Blitz-August-29-2023"]
[Site "Chess.com"]
[Date "2023.08.29"]
[Round "5"]
[White "masenik"]
[Black "noblerone"]
[Result "1-0"]
[WhiteElo "2421"]
[BlackElo "2546"]
[TimeControl "180+1"]
[EndTime "8:52:49 PDT"]
[Termination "masenik won by checkmate"]

1. e4 c5 2. Nf3 e6 3. d4 cxd4 4. Nxd4 Qb6 5. Nb3 Qc7 6. Be2 Nf6 7. Bf3 b6 8. O-O Bb7 9. Nc3 a6 10. a3 d6 11. Re1 Nbd7 12. g3 Be7 13. Bg2 O-O 14.
h3 Rac8 15. f4 Qb8 16. g4 Nc5 17. Nd4 Rfd8 18. g5 Nfd7 19. Qg4 Nf8 20. f5 exf5 21. Nxf5 Qc7 22. Nd5 Bxd5 23. exd5 Re8 24. Qd4 Ng6 25. Qxg7# 1-0

[Event "Early-Titled-Tuesday-Blitz-August-29-2023"]
[Site "Chess.com"]
[Date "2023.08.29"]
[Round "5"]
[White "expii"]
[Black "Sunny_Star"]
[Result "0-1"]
[WhiteElo "2254"]
[BlackElo "2085"]
[TimeControl "180+1"]
[EndTime "8:52:49 PDT"]
[Termination "Sunny_Star won by resignation"]

1. e4 b6 2. d4 Bb7 3. Nc3 d6 4. Nf3 Nd7 5. Bf4 g6 6. e5 Bg7 7. Bb5 Nh6 8. d5 O-O 9. exd6 exd6 10. O-O a6 11. Bxd7 Qxd7 12. Qd2 Nf5 13. Rae1 Rae8 14. Ne4 Qb5 15. Rd1 Rxe4 0-1

[Event "Early-Titled-Tuesday-Blitz-August-29-2023"]
[Site "Chess.com"]
[Date "2023.08.29"]
[Round "5"]
[White "MBA_CHESS_2021"]
[Black "fastestmindalive"]
[Result "0-1"]
[WhiteElo "2292"]
[BlackElo "2725"]
[TimeControl "180+1"]
[EndTime "8:52:52 PDT"]
[Termination "fastestmindalive won by resignation"]

1. d4 Nf6 2. c4 e6 3. Nf3 Bb4+ 4. Bd2 Qe7 5. Nc3 Nc6 6. e3 e5 7. Nd5 Nxd5 8. cxd5 e4 9. dxc6 exf3 10. cxd7+ Bxd7 11.
gxf3 O-O-O 12. Rc1 Bc6 13. Be2 Rxd4 14. exd4 Bxf3 15. Bxb4 Qxb4+ 16. Qd2 Qe7 17. Rg1 Re8 18. Rc2 Bxe2 19. Qxe2 Qb4+ 20. Rd2 Rxe2+ 21. Kxe2 g6 22. a3 Qb5+ 23. Ke3 Qb3+ 24. Ke2 Qh3 25. Rc1 Qxh2 26.
d5 Kd7 27. Rc3 Qh5+ 28. Ke1 Qh1+ 29. Ke2 h5 30. Re3 Kd6 31. Rf3 f5 32. Re3 f4 33.
Re6+ Kd7 34. Rxg6 Qe4+ 35. Kd1 Qxg6 36. d6 Qxd6 37. Rxd6+ Kxd6 0-1

[Event "Early-Titled-Tuesday-Blitz-August-29-2023"]
[Site "Chess.com"]
[Date "2023.08.29"]
[Round "5"]
[White "pankajfm"]
[Black "Zampronha1971"]
[Result "0-1"]
[WhiteElo "2092"]
[BlackElo "2282"]
[TimeControl "180+1"]
[EndTime "8:52:54 PDT"]
[Termination "Zampronha1971 won by resignation"]

1. e4 c5 2. b3 d5 3. exd5 Qxd5 4.
Nc3 Qd8 5. Nf3 Nc6 6. Bb5 Bd7 7. Bb2 Nf6 8. O-O e6 9. Re1 Be7 10. Ne4 O-O 11. d3 Rc8 12. Qd2 a6 13. Bxc6 Bxc6 14. Nxf6+ Bxf6 15. Bxf6 Qxf6 16. Qg5 Bxf3 17. Qxf6 gxf6 18.
gxf3 Rfd8 19. Re4 f5 20. Re5 Kg7 21. Kg2 Kf6 22. Ree1 b5 23. Kh3 c4 24. dxc4 bxc4 25. Re2 Rd4 26. Kg3 Rg8+ 27. Kh3 Rg5 28. b4 Rd8 29. a4 Rdg8 30. Kh4 R8g6 0-1

[Event "Early-Titled-Tuesday-Blitz-August-29-2023"]
[Site "Chess.com"]
[Date "2023.08.29"]
[Round "5"]
[White "AttilaTurzo"]
[Black "Goi_Manne"]
[Result "1-0"]
[WhiteElo "2507"]
[BlackElo "2322"]
[TimeControl "180+1"]
[EndTime "8:52:56 PDT"]
[Termination "AttilaTurzo won by resignation"]

1. d4 d5 2. Nf3 Bf5 3. Bf4 e6 4. e3 c6 5. c4 Nf6 6. Qb3 Qb6 7. c5 Qxb3 8. axb3 Nbd7 9. b4 Nh5 10. b5 Nxf4 11.
exf4 cxb5 12. Bxb5 f6 13. b4 Be7 14. Nc3 Kd8 15.
Kd2 Kc7 16. Rhe1 a6 17. Bd3 Bxd3 18. Rxe6 Be4 19. Rxe7 Rae8 20. Rxg7 Rhg8 21. Rxg8 Rxg8 22. Nh4 Rg4 23. g3 Rg8 24. f3 Bg6 25. Nxd5+ Kc6 26.
Ne7+ 1-0

[Event "Early-Titled-Tuesday-Blitz-August-29-2023"]
[Site "Chess.com"]
[Date "2023.08.29"]
[Round "5"]
[White "Alexander_Donchenko"]
[Black "Alexei_Gubajdullin"]
[Result "1-0"]
[WhiteElo "2853"]
[BlackElo "2631"]
[TimeControl "180+1"]
[EndTime "8:53:00 PDT"]
[Termination "Alexander_Donchenko won by resignation"]

1. c4 g6 2. g3 Bg7 3. Bg2 e6 4.
Nc3 Ne7 5. d4 d6 6. Nf3 Nd7 7.
O-O O-O 8. b4 b6 9. Bb2 Bb7 10.
e4 h6 11. b5 Kh7 12. a4 a5 13. Qc2 e5 14. Rad1 exd4 15. Nxd4 Nc5 16. Nd5 Nxd5 17. cxd5 Qd7 18. f4 Rae8 19. Rde1 Re7 20. h4 Rfe8 21. h5 Qg4 22. hxg6+ fxg6 23. Kh2 Bxd5 24.
Bh3 Qh5 25. g4 Qh4 26. Nf3 Rxe4 27. Nxh4 Rxe1 28. Rxe1 Rxe1 29. Bxg7 Rh1+ 30. Kg3 Ne4+ 31. Kg2 Ng5+ 32. Kf2 Rxh3 33. Qxg6+ 1-0

[Event "Early-Titled-Tuesday-Blitz-August-29-2023"]
[Site "Chess.com"]
[Date "2023.08.29"]
[Round "5"]
[White "Tomytoteph"]
[Black "RobertoJBM"]
[Result "1/2-1/2"]
[WhiteElo "2624"]
[BlackElo "2817"]
[TimeControl "180+1"]
[EndTime "8:53:00 PDT"]
[Termination "Game drawn by repetition"]

1. e4 c6 2. d4 d5 3. Nd2 dxe4 4. Nxe4 Nd7 5. Nf3 Ngf6 6. Nxf6+ Nxf6 7. Bd3 Bg4 8. c3 Qd5 9. h3 Bxf3 10. Qxf3 Qxf3 11. gxf3 g6 12. f4 e6 13. Be3 Nd5 14. O-O-O Bh6 15. h4 Bxf4 16. Bxf4 Nxf4 17. Be4 f5 18. Bc2 Kf7 19.
Rde1 Rae8 20. Bb3 Re7 21. Kd2 Rd8 22. Re5 Kf6 23. Rhe1 Rd6 24. Rg1 b6 25. Ke3 Nd5+ 26. Bxd5 exd5 27. f4 Rd8 28. Kf3 Rxe5 29. fxe5+ Kg7 30.
Kf4 Re8 31. b4 Kh6 32. a4 Re7 33. Ra1 Kh5 34. Re1 Re6 35. Rg1 Kh6 36. Ra1 a6 37. a5 b5 38. Rh1 Kh5 39. Rh2 Re7 40.
Rh1 Kh6 41. Rh2 Kg7 42. Rh1 Re8 43. Rg1 Kh6 44. Rg2 Re7 45. Rg5 Re6 46. Ke3 Kg7 47. Kf4 Re8 48. Rg1 Kf7 49. Rh1 Kg7 50. Rg1 1/2-1/2

[Event "Early-Titled-Tuesday-Blitz-August-29-2023"]
[Site "Chess.com"]
[Date "2023.08.29"]
[Round "5"]
[White "santosalberto1987"]
[Black "smilingice"]
[Result "1/2-1/2"]
[WhiteElo "2547"]
[BlackElo "2401"]
[TimeControl "180+1"]
[EndTime "8:53:05 PDT"]
[Termination "Game drawn by agreement"]

1. e4 c5 2. Nf3 d6 3. Bb5+ Bd7 4. Bxd7+ Qxd7 5. c4 Nf6 6. Nc3 g6 7. d4 cxd4 8. Nxd4 Bg7 9. f3 O-O 10. Be3 Nc6 11. Rc1 a6 12. b3 Nxd4 13. Bxd4 b5 14.
Nd5 bxc4 15. Nxf6+ exf6 16. Rxc4 f5 17. Bxg7 Kxg7 18. O-O fxe4 19. Rxe4 Rfe8 20. Rd4 Re6 21. Qd2 Rae8 22. Rd1 Re2 23. Qc3 Qa7 24. h3 Rxa2 25. Kh2 Kg8 26. Rxd6 Qf2 27. R1d2 Qe1 28. Rd8 Rxd2 29. Qxd2 Qxd2 30. Rxd2 Re3 1/2-1/2

[Event "Early-Titled-Tuesday-Blitz-August-29-2023"]
[Site "Chess.com"]
[Date "2023.08.29"]
[Round "5"]
[White "benny_aizenberg"]
[Black "abhidabhi"]
[Result "0-1"]
[WhiteElo "2656"]
[BlackElo "2918"]
[TimeControl "180+1"]
[EndTime "8:53:06 PDT"]
[Termination "abhidabhi won by checkmate"]

1. c4 e5 2. g3 Nf6 3. Bg2 d5 4. cxd5 Nxd5 5. Nc3 Nb6 6. Nf3 Nc6 7. O-O Be7 8. d3 O-O 9. Be3 Re8 10. Rc1 Bf8 11. a3 h6 12. b4 a5 13. b5 Nd4 14. a4 Bg4 15. Bxd4 exd4 16. Ne4 Bb4 17. Qb3 Be6 18. Qb2 Nxa4 19. Qxd4 f5 20. Qxd8 Rexd8 21. Ned2 Nc3 22. Rfe1 Nxb5 23. Kf1 Bd5 24. Rc2 Bxf3 25. Bxf3 Nd4 26. Rb2 Nxf3 27. exf3 Rxd3 28. Re2 Rxd2 29. Rexd2 Bxd2 30. Rxd2 a4 31. Ra2 b5 32. Ke2 b4 33. Kd3 b3 34. Ra3 Rb8 35. Ra1 b2 36. Rb1 a3 37.
Kc2 Rb6 38. Rd1 a2 39. Rd8+ Kh7 40. Kd3 b1=Q+ 41. Ke3 a1=Q 42. g4 Qe5+ 43. Kd2 Rb2# 0-1

[Event "Early-Titled-Tuesday-Blitz-August-29-2023"]
[Site "Chess.com"]
[Date "2023.08.29"]
[Round "5"]
[White "GianmarcoVaR"]
[Black "Ramosha"]
[Result "1-0"]
[WhiteElo "2751"]
[BlackElo "2573"]
[TimeControl "180+1"]
[EndTime "8:53:07 PDT"]
[Termination "GianmarcoVaR won by resignation"]

1. e4 c6 2. Nf3 d5 3. d3 Qc7 4. Nbd2 e5 5. g3 Nf6 6. Bg2 Bd6 7. O-O O-O 8. Re1 Be6 9. d4 dxe4 10. Nxe5 Bxe5 11. dxe5 Qxe5 12. Nxe4 Nxe4 13. Bxe4 Qf6 14. Qh5 g6 15. Qh6 Nd7 16. Be3 Qg7 17. Rad1 Qxh6 18.
Bxh6 Rfd8 19. Bg5 f6 20. Bxc6 bxc6 21. Rxe6 fxg5 22. Red6 Rab8 23. Rxd7 Rxd7 24. Rxd7 Rxb2 25. Rxa7 Rxc2 26. g4 h5 27. h3 hxg4 28. hxg4 Rc4 29. f3 Rc2 30. a4 c5 31. a5 Ra2 32. a6 c4 33. Rc7 Rxa6 34. Rxc4 Kg7 35. Rc7+ Kf6 36. Kg2 Ra2+ 37. Kg3 Ra6 38. Rc8 Rb6 39. Rf8+ Kg7 40. Re8 Kf6 41. Kf2 Rb2+ 42. Ke3 Rb3+ 43. Ke4 Rb4+ 44. Kd5 Rb5+ 45. Kd4 Rb4+ 46. Kc5 Rb3 47.
Kc4 Rxf3 48. Rf8+ 1-0

[Event "Early-Titled-Tuesday-Blitz-August-29-2023"]
[Site "Chess.com"]
[Date "2023.08.29"]
[Round "5"]
[White "DKmirl"]
[Black "mistrzemi"]
[Result "1-0"]
[WhiteElo "2258"]
[BlackElo "2413"]
[TimeControl "180+1"]
[EndTime "8:53:09 PDT"]
[Termination "DKmirl won on time"]

1. d4 d5 2. Nf3 Nf6 3. g3 e6 4. Bg2 Nbd7 5. O-O Be7 6. c4 Ne4 7. Nbd2 f5 8. Qc2 c6 9. Rb1 O-O 10. b4 a6 11. a4 b5 12. c5 Bb7 13. Ne1 Kh8 14. f3 Nxd2 15. Bxd2 Bf6 16. Bc3 Qe7 17. e4 fxe4 18. fxe4 dxe4 19. Bxe4 h6 20. Qg2 Rac8 21. Nd3 Rfd8 22. axb5 axb5 23. Ne5 Bxe5 24. dxe5 Nf8 25. Rfd1 Rxd1+ 26. Rxd1 Rd8 27. Rd6 Rxd6 28.
exd6 Qd7 29. Qb2 Nh7 30. Bxh7 Kxh7 31. Qc2+ Kh8 32. Qg6 Bc8 33. Qxh6+ Kg8 34. Qg6 1-0

[Event "Early-Titled-Tuesday-Blitz-August-29-2023"]
[Site "Chess.com"]
[Date "2023.08.29"]
[Round "5"]
[White "platy3"]
[Black "FontVella8"]
[Result "1-0"]
[WhiteElo "2922"]
[BlackElo "2646"]
[TimeControl "180+1"]
[EndTime "8:53:17 PDT"]
[Termination "platy3 won by resignation"]

1. d4 d5 2. Nf3 e6 3. Bf4 Bd6 4.
e3 Nf6 5. Nbd2 O-O 6. Bd3 c5 7. c3 Nc6 8. Bg3 b6 9. e4 Be7 10. e5 Nh5 11. Ng5 Bxg5 12. Qxh5 g6 13. Qe2 cxd4 14.
h4 Bh6 15. h5 Kg7 16. Nf3 dxc3 17. bxc3 b5 18. hxg6 hxg6 19. Rxh6 Kxh6 20. Bh4 f6 21. exf6 Rxf6 22. Ne5 Rf5 23. Ng4+ 1-0

[Event "Early-Titled-Tuesday-Blitz-August-29-2023"]
[Site "Chess.com"]
[Date "2023.08.29"]
[Round "5"]
[White "Itk04"]
[Black "ljuks68"]
[Result "1-0"]
[WhiteElo "2668"]
[BlackElo "2453"]
[TimeControl "180+1"]
[EndTime "8:53:19 PDT"]
[Termination "Itk04 won by resignation"]

1. d4 d5 2. c4 c6 3. Nf3 Nf6 4. g3 Bf5 5. Nc3 e6 6. Nh4 Bg4 7. h3 Bh5 8. Qb3 Qb6 9. c5 Qxb3 10. axb3 Na6 11. Ra4 Be7 12. g4 Bg6 13. Nxg6 hxg6 14. Bg2 O-O 15. Bf4 Ne8 16. e3 Nec7 17. Kd2 g5 18. Bg3 f5 19. gxf5 exf5 20. Be5 f4 21.
exf4 gxf4 22. Rg1 Bf6 23. Bd6 Rf7 24. Kd3 Nb5 25. Nxb5 cxb5 26. Rxa6 bxa6 27. Bxd5 Re8 28. Ra1 f3 29. Rxa6 1-0

[Event "Early-Titled-Tuesday-Blitz-August-29-2023"]
[Site "Chess.com"]
[Date "2023.08.29"]
[Round "5"]
[White "stepanosinovsky"]
[Black "tk22h"]
[Result "1-0"]
[WhiteElo "2307"]
[BlackElo "2431"]
[TimeControl "180+1"]
[EndTime "8:53:21 PDT"]
[Termination "stepanosinovsky won by resignation"]

1. Nf3 Nf6 2. g3 d5 3. Bg2 g6 4. O-O Bg7 5. d3 O-O 6. Nbd2 d4 7. e4 dxe3 8. fxe3 c5 9. a4 Nc6 10. Nc4 Be6 11. b3 Rc8 12. Bb2 b6 13. Qd2 Bxc4 14. bxc4 Nd7 15. Bxg7 Kxg7 16. Qc3+ Kg8 17. Ng5 e6 18.
Ne4 Qe7 19. h4 h6 20. Rf2 f5 21. Nd2 Qd6 22. Nf1 Qe5 23. Qxe5 Ndxe5 24. Rd2 Rfd8 25. Kf2 Ng4+ 26. Ke2 Na5 27. Rdd1 Rd6 28. Nd2 Rcd8 29. Nf3 Kg7 30. Bh3 Nf6 31. Ne5 g5 32. hxg5 hxg5 33.
Bg2 Rh8 34. Rh1 Rdd8 35. Rxh8 Rxh8 36. Rh1 Rxh1 37. Bxh1 Nh5 38. Kf2 Kf6 39. Nd7+ Ke7 40. Ne5 Nf6 41. Bf3 Kd6 42. Nf7+ Ke7 43. Nxg5 e5 44. e4 Nc6 45. exf5 Nb4 46. Bd1 Nd7 47. Ne4 Nf8 48. g4 Nc6 49. c3 1-0

[Event "Early-Titled-Tuesday-Blitz-August-29-2023"]
[Site "Chess.com"]
[Date "2023.08.29"]
[Round "5"]
[White "Apocalyps999"]
[Black "LUISMIGUELOV"]
[Result "1-0"]
[WhiteElo "2329"]
[BlackElo "2114"]
[TimeControl "180+1"]
[EndTime "8:53:21 PDT"]
[Termination "Apocalyps999 won by resignation"]

1. e4 c6 2. c4 d5 3. exd5 cxd5 4. cxd5 Nf6 5. Nc3 Nxd5 6. Nf3 Nc6 7. d4 e6 8. Bd3 Bb4 9. O-O Nxc3 10. bxc3 Bxc3 11.
Rb1 Bxd4 12. Nxd4 Qxd4 13. Ba3 f6 14. Qh5+ g6 15. Bxg6+ hxg6 16. Qxh8+ Kf7 17. Qh7+ Ke8 18. Qg8+ Kd7 19. Qf7+ Kd8 20. Rfd1 Bd7 21. Rxd4 Nxd4 22. Qe7+ Kc7 23. Rc1+ Nc6 24. Qd6+ Kc8 25. Rd1 Be8 26. Qxe6+ Kc7 27. Bd6+ Kb6 28. Rb1+ Ka6 29. Qc4+ 1-0

[Event "Early-Titled-Tuesday-Blitz-August-29-2023"]
[Site "Chess.com"]
[Date "2023.08.29"]
[Round "5"]
[White "le_poisson"]
[Black "averageFM"]
[Result "1-0"]
[WhiteElo "2344"]
[BlackElo "2508"]
[TimeControl "180+1"]
[EndTime "8:53:22 PDT"]
[Termination "le_poisson won by resignation"]

1. e4 c5 2. Nf3 Nf6 3. e5 Nd5 4. Nc3 Nxc3 5. dxc3 Nc6 6. Bf4 Qc7 7. Qd2 e6 8. O-O-O a6 9. Bd3 h6 10. h4 b5 11. Rhe1 Bb7 12. Qe2 Ne7 13. c4 bxc4 14.
Bxc4 Nd5 15. Bg3 Nb6 16. Nd2 Nxc4 17. Nxc4 Bd5 18. Rxd5 exd5 19. Nd6+ Kd8 20. Nxf7+ Kc8 21. Nxh8 Qa5 22. e6 Qxa2 23. e7 Kb7 24. e8=Q Rxe8 25.
Qxe8 Qa1+ 26. Kd2 Qxb2 27. Qb8+ 1-0

[Event "Early-Titled-Tuesday-Blitz-August-29-2023"]
[Site "Chess.com"]
[Date "2023.08.29"]
[Round "5"]
[White "salzikis"]
[Black "HajiyevKanan"]
[Result "1-0"]
[WhiteElo "2421"]
[BlackElo "2497"]
[TimeControl "180+1"]
[EndTime "8:53:26 PDT"]
[Termination "salzikis won by resignation"]

1. e4 c6 2. Nc3 d5 3. Nf3 a6 4. exd5 cxd5 5. d4 Nc6 6. h3 Bf5 7. Bd3 Bxd3 8. Qxd3 e6 9. O-O Nf6 10. Bf4 Bd6 11. Bxd6 Qxd6 12. Rfe1 O-O 13. Ne5 Qc7 14.
Nxc6 Qxc6 15. Ne2 b5 16. a3 Qc4 17. Red1 Qxd3 18. Rxd3 Rfc8 19. c3 a5 20. f3 h5 21. h4 g6 22. Kf2 Kf8 23. g3 Nd7 24.
Ke3 Nb6 25. Kf2 Nc4 26. Ra2 Ke7 27. b3 Nd6 28. a4 Rab8 29. axb5 Rxb5 30. Ra3 Rcb8 31.
Nc1 Kd7 32. Rd2 Kc7 33. Rda2 Nb7 34. Ke3 Kd6 35. f4 Rb6 36. Kd3 Rc6 37. Rc2 Rbc8 38.
Ne2 Ke7 39. c4 Nd6 40. c5 Nb7 41. Rb2 R8c7 42. b4 axb4 43. Rxb4 f6 44. Ra7 Na5 45. Rxa5 e5 46. Rab5 e4+ 47. Ke3 Ke6 48. Rb6 Kf5 49.
Rxc6 Rxc6 50. Rb6 Rc8 51. c6 Ra8 52. Rb3 Rc8 53. Rc3 Rc7 54. Rc5 Ke6 55. Nc3 Kd6 56.
Rxd5+ Kxc6 57. Rc5+ Kd6 58. Rxc7 1-0

[Event "Early-Titled-Tuesday-Blitz-August-29-2023"]
[Site "Chess.com"]
[Date "2023.08.29"]
[Round "5"]
[White "rikchessmx"]
[Black "supertfc"]
[Result "1-0"]
[WhiteElo "2452"]
[BlackElo "2282"]
[TimeControl "180+1"]
[EndTime "8:53:29 PDT"]
[Termination "rikchessmx won by resignation"]

1. e4 e5 2. Nf3 Nc6 3. Bc4 Nf6 4. d3 Bc5 5. c3 a6 6. Qe2 Ba7 7. Be3 O-O 8. Bxa7 Rxa7 9. O-O d6 10. h3 Ne7 11. Nbd2 Ng6 12. Rfd1 Nh5 13. Qe3 Ra8 14. d4 Nhf4 15. Bf1 Qf6 16. Kh2 h6 17. g3 Ne6 18.
d5 Ng5 19. Nxg5 hxg5 20. Be2 Ne7 21. Bg4 Qh6 22. Kg2 g6 23. Bxc8 Raxc8 24. h4 f6 25. Nf3 Kg7 26. hxg5 Qh5 27. Rh1 Qg4 28. Rh4 1-0

[Event "Early-Titled-Tuesday-Blitz-August-29-2023"]
[Site "Chess.com"]
[Date "2023.08.29"]
[Round "5"]
[White "Aemulus20"]
[Black "MetiForce"]
[Result "0-1"]
[WhiteElo "2651"]
[BlackElo "2904"]
[TimeControl "180+1"]
[EndTime "8:53:35 PDT"]
[Termination "MetiForce won by resignation"]

1. e4 c5 2. d4 cxd4 3. c3 dxc3 4. Nxc3 Nc6 5. Nf3 e6 6. Bc4 Bb4 7. O-O Nge7 8. Nb5 d5 9. exd5 exd5 10. Bxd5 O-O 11. Bb3 Bg4 12. Be3 a6 13. Qxd8 Raxd8 14. Nbd4 Na5 15. Ne5 Nxb3 16. Nxb3 Be2 17. Rfc1 Rd5 18.
Nf3 Bxf3 19. gxf3 Nf5 20. Rd1 Re5 21. Bd2 Bxd2 22. Rxd2 Nh4 23. Rd7 Rg5+ 24. Kf1 Nxf3 25. Rxb7 Re8 0-1

[Event "Early-Titled-Tuesday-Blitz-August-29-2023"]
[Site "Chess.com"]
[Date "2023.08.29"]
[Round "5"]
[White "kuli4ik"]
[Black "RandomNoob04"]
[Result "1-0"]
[WhiteElo "2908"]
[BlackElo "2655"]
[TimeControl "180+1"]
[EndTime "8:53:36 PDT"]
[Termination "kuli4ik won by resignation"]

1. Nf3 Nf6 2. g3 g6 3. b3 Bg7 4. Bb2 O-O 5. Bg2 c5 6. c4 Nc6 7. O-O b6 8. d4 cxd4 9. Nxd4 Bb7 10. Nc3 Qc8 11. Nc2 d6 12. Ne3 Ne5 13. Rc1 Bxg2 14. Kxg2 Qb7+ 15. Kg1 Rfd8 16. Qd2 Bh6 17. f4 Neg4 18.
Ncd5 Bg7 19. Nxg4 Nxg4 20. Bxg7 Kxg7 21. f5 Nf6 22. Qd4 g5 23. h4 h6 24. hxg5 hxg5 25.
Qe3 Nxd5 26. Qxg5+ Kf8 27. cxd5 Qxd5 28. Rc7 Qe5 29. Qh6+ Ke8 30. f6 Qe3+ 31. Qxe3 1-0

[Event "Early-Titled-Tuesday-Blitz-August-29-2023"]
[Site "Chess.com"]
[Date "2023.08.29"]
[Round "5"]
[White "Yuruultei"]
[Black "JiiHart"]
[Result "1-0"]
[WhiteElo "2395"]
[BlackElo "2109"]
[TimeControl "180+1"]
[EndTime "8:53:37 PDT"]
[Termination "Yuruultei won by resignation"]

1. d4 d5 2. c4 c5 3. Nf3 Nf6 4.
g3 cxd4 5. Nxd4 e5 6. Nf3 e4 7. Nd4 Bb4+ 8. Bd2 Bxd2+ 9. Qxd2 O-O 10. Bg2 dxc4 11. O-O Re8 12. e3 Nc6 13. Nxc6 Qxd2 14. Nxd2 bxc6 15. Nxc4 Ba6 16. Rfc1 Red8 17. Ne5 Rd2 18.
Rxc6 Bb5 19. Rc7 Rxb2 20. Rac1 Re8 21. Nxf7 Rxa2 22. Nd6 Re5 23. Nxb5 Rxb5 24. Bf1 Rbb2 25. Bc4+ 1-0